cohdb
Replays
Latest Replays
All Replays
Popular Replays
Top Player Replays
Match Explorer
How It Works
Community
CoH3 Stats
Reddit
Sign in to upload your games and track your stats! →
Sign in with Steam
Match 45898551
Unlisted
Match 45898551
Overview
Messages
Build Orders
End
Scout Squad
Engineer Squad
Construct Weapon Support Center
Selects Special Operations Battlegroup
M1919 Machine Gun Team
M1919 Machine Gun Team
Bazooka Squad
Infantry Support Center
Construct Medical Station
Selects M29 Weasel with M1 Pack Howitzer
M29 Weasel with M1 Pack Howitzer
Selects Raiding Flares
Construct Motor Pool
M1 Anti-tank Gun Team
M1 Anti-tank Gun Team
Selects SSF Commando Squad
Construct Tank Depot
Raiding Flares
SSF Commando Squad
M18 Hellcat Tank Destroyer
Raiding Flares
Selects P-47 Anti-Infantry Loiter
Selects UNKNOWN (2162291)
P-47 Anti-Infantry Loiter
SSF Commando Squad
Koffietank
MonteLaDifensa
~TAB~ THUND3RCHUNKY
미리
0
0
Comments
sign in to comment!
No comments posted yet!